 Dungeon Crawl Stone Soup version 0.28-a0-906-g0406aca7d3 (webtiles) character file.

Game seed: 9351645292802680981

29 croobank the Sneak (level 3, -2/25 (26) HPs)
             Began as an Octopode Delver on Nov 24, 2021.
             Slain by an adder (3 damage)
             ... on level 3 of the Dungeon.
             The game lasted 00:04:25 (464 turns).

croobank the Sneak (Octopode Delver)                 Turns: 464, Time: 00:04:26

HP:   -2/25 (26)    AC:  1    Str: 12    XL:     3   Next: 16%
MP:   3/3           EV: 13    Int: 12    God:
Gold: 14            SH:  0    Dex: 13    Spells: 2/2 levels left

rFire   . . .      SeeInvis .   a - +0 spear
rCold   . . .      Faith    .   (no shield)
rNeg    . . .      Spirit   .   (helmet restricted)
rPois   .          Reflect  .   (no amulet)
rElec   .          Harm     .   (no ring)
rCorr   .          Rampage  .   (no ring)
Will    .....                   (no ring)
Stlth   +++++.....              (no ring)
HPRegen 0.08/turn               (no ring)
MPRegen 0.08/turn               (no ring)
                                (no ring)
                                (no ring)

@: lightly drained
A: almost no armour, amphibious, 8 rings, camouflage 1, gelatinous body 1,
(nimble swimmer 1), tentacles
a: no special abilities


You were on level 3 of the Dungeon.
You visited 1 branch of the dungeon, and saw 3 of its levels.

You collected 14 gold pieces.

Inventory:

Hand Weapons
 a - a +0 spear (weapon)
Wands
 f - a wand of digging (2)
Scrolls
 b - a scroll of fog


   Skills:
 + Level 3.2 Fighting
 + Level 2.1 Polearms
 + Level 2.1 Dodging
 + Level 7.5 Stealth


You had 2 spell levels left.
You didn't know any spells.
Your spell library was empty.

Dungeon Overview and Level Annotations

Branches:
Dungeon (5/15)             Temple (0/1) D:5

Altars:
Elyvilon

Annotations:
D:5 Menkaure


Innate Abilities, Weirdness & Mutations

You cannot wear most types of armour.
You are amphibious.
You can wear up to eight rings at the same time.
Your skin changes colour to match your surroundings (Stealth+).
Your rubbery body absorbs attacks. (AC +1, EV +1)
((You are camouflaged near water. (Stealth+)))
You have tentacles for arms and can constrict up to eight enemies at once.


Message History

The hobgoblin shouts, "No!
I'll never do that again!"
You feel sick.
You feel sick.
You feel sick.
You are no longer poisoned.
Found 12 gold pieces.
An adder comes into view.
Found a stone staircase leading up.
The adder hisses angrily.
The necrophage hits you.
You feel drained.
A goblin comes into view. It is wielding a +0 club.
The adder misses you. The adder bites you.
You are poisoned.
The adder poisons you!
You feel sick.
You feel sick.
You feel sick.
The goblin shouts!
You feel sick. The adder barely misses you.
There is a stone staircase leading up here.
You feel sick.
You are no longer poisoned.
The adder bites you. The necrophage hits you.
* * * LOW HITPOINT WARNING * * *
You climb upwards.
There is a stone staircase leading down here.
As you read the scroll labelled RAGECO PUFISY, it crumbles to dust.
The creatures around you are filled with an inner flame!
It was a scroll of immolation.
The adder barely misses you. The necrophage hits you.
* * * LOW HITPOINT WARNING * * *
Aiming: Dig
Press: ? - help, Shift-Dir - straight line A rock wall.
The rock shatters into small pieces.
A bat comes into view.
The adder closely misses you. The necrophage closely misses you.
A goblin comes into view. It is wielding a +0 dagger.
The adder misses you. The adder bites you.
You die...

#. . #. #.
.# #.
#.###.#
#.##.....
.......
.....
#.#n#
#.#>#
#.@S#
#........#
#.###..###
#.#. ..##.
b.. #g ..#
#. .. #.


You could see a necrophage (inner flame), an adder (inner flame), a goblin
(asleep) and a bat.

Vanquished Creatures
  A centaur skeleton (D:5)
  A ball python (D:4)
2 creatures vanquished.

Vanquished Creatures (others)
  2 plants (D:5)
2 creatures vanquished.

Grand Total: 4 creatures vanquished

Notes
Turn   | Place    | Note
-------+----------+-------------------------------------------
     0 | D:5      | croobank the Octopode Delver began the quest for the Orb.
     0 | D:5      | Reached XP level 1. HP: 16/16 MP: 1/1
    44 | D:5      | Noticed Menkaure
    74 | D:5      | Reached skill level 7 in Stealth
    74 | D:5      | Reached XP level 2. HP: 4/21 MP: 2/2
    74 | D:5      | Reached XP level 3. HP: 5/26 MP: 3/3
   418 | D:4      | Found a white marble altar of Elyvilon.
   420 | D:4      | Noticed a necrophage
   462 | D:3      | HP: 1/25 [necrophage (4)]
   464 | D:3      | Slain by an adder

Illustrated notes

Levels and vault maps discovered:
D:3:      layout_loops_ring, pdpol_temple_overflow_zin_treasury_gozag_greed,
          okawaru_ov_weapons_minmay, chequers_garden
D:4:      layout_gridville, mainiacjoe_overflow_six_doors_small,
          mainiacjoe_overflow_boulevard, minmay_between
D:5:      corexii_shantytown, layout_loops_corners,
          minmay_temple_entry_glassed_door, uniq_menkaure

Skill      XL: |  1 |
---------------+----+-----
Stealth        | 7 |  7.5
Fighting       | |  3.2
Polearms       | |  2.1
Dodging        | |  2.1

Action                   || total
-------------------------++-------
Melee: Spear             ||    13
       Tentacles         ||     3
       Constrict         ||     2
Evoke: Wand              ||     1
  Use: Potion            ||     1
       Scroll            ||     3
 Stab: Sleeping          ||     1
Armor: Skin              ||     1
Dodge: Dodged            ||    21

Table legend: (Time is in decaauts)
 A = Elapsed time spent in this place.
 B = Non-inter-level travel time spent in this place.
 C = Inter-level travel time spent in this place.
 D = Time resting spent in this place.
 E = Time spent auto-exploring this place.
 F = Levels seen in this place.
 G = Mean time per level.
                   A        B        C        D        E       F      G
               +--------+--------+--------+--------+--------+-----+--------+
         Total |    444 |    444 |      0 |      0 |    295 |   3 |  148.0 |
       Dungeon |    444 |    444 |      0 |      0 |    295 |   3 |  148.0 |
               +--------+--------+--------+--------+--------+-----+--------+

Top non-repeatable levels by time:
     D:4: 323 daAuts
     D:5: 117 daAuts
     D:3: 2 daAuts
